[ AOE2 MATCH · #482233318 ]
Team RMBurgundians vs Gurjaras
[ REPLAY ANALYSIS · EXTRACTED FROM THE RECORDED GAME ]
Feudal
11:27
Castle
18:19
Imperial
33:58
| APM avg | 35.8 |
| APM peak | 91 |
| eAPM avg | 16.2 |
| Villagers / military | 99 / 82 |
Focus
⚔️ 28.8% · 🌾 71.2%
Flemish Militia ×48 · Coustillier ×21 · Spearman ×5 · Battering Ram ×3 · Bombard Cannon ×2 · Scorpion ×1
Feudal
11:19
Castle
16:00
Imperial
33:09
| APM avg | 28.7 |
| APM peak | 59 |
| eAPM avg | 15.6 |
| Villagers / military | 78 / 84 |
Focus
⚔️ 51.3% · 🌾 48.7%
Cavalry Archer ×81 · Scout Cavalry ×3
Feudal
11:09
Castle
17:18
Imperial
32:59
| APM avg | 30.4 |
| APM peak | 60 |
| eAPM avg | 15.0 |
| Villagers / military | 81 / 65 |
Focus
⚔️ 24.8% · 🌾 75.2%
Mangudai ×31 · Skirmisher ×25 · Petard ×5 · Spearman ×2 · Camel Scout ×1 · Monk ×1
Feudal
9:19
Castle
19:10
Imperial
32:44
| APM avg | 42.7 |
| APM peak | 77 |
| eAPM avg | 21.5 |
| Villagers / military | 139 / 71 |
Focus
⚔️ 30.6% · 🌾 69.4%
Shrivamsha Rider ×43 · Camel Scout ×15 · Scout Cavalry ×8 · Trebuchet (Packed) ×4 · Monk ×1
Match map
Initial resources + every placement click. Lines = walls · curves = elevation contours. ◆ gold · ⬟ stone · ● berries · ✦ relic · ◌ wall gap
Your base· ✓ Closed at 18:19 · 0t walls · 1 gate(s)
Maikel´s's base· ✓ Closed at 16:00 · 14t walls · 1 gate(s)
neo_399's base· ✓ Closed at 17:18 · 15t walls · 2 gate(s)
jj's base· ✓ Closed at 19:10 · 15t walls · 1 gate(s)
Smoothed initial terrain · ◌ = detected wall gap · hover for details
Inputs per minute
— Consort Radahn - - Maikel´s
Build order — Consort Radahn
First 150 of 270 actions detected
| 0:00 | Create | Villager (Male) |
| 0:01 | Create | Villager (Male) |
| 0:02 | Build | House |
| 0:04 | Build | House |
| 0:30 | Create | Villager (Male) |
| 0:30 | Create | Villager (Male) |
| 1:30 | Create | Villager (Male) |
| 1:30 | Create | Villager (Male) |
| 1:49 | Build | Lumber Camp |
| 2:00 | Create | Villager (Male) |
| 2:01 | Create | Villager (Male) |
| 2:15 | Create | Villager (Male) |
| 2:15 | Create | Villager (Male) |
| 2:49 | Create | Villager (Male) |
| 2:59 | Build | House |
| 3:04 | Create | Villager (Male) |
| 3:26 | Build | House |
| 3:35 | Create | Villager (Male) |
| 4:11 | Create | Villager (Male) |
| 4:11 | Create | Villager (Male) |
| 4:28 | Build | Mill |
| 4:54 | Create | Villager (Male) |
| 5:04 | Create | Villager (Male) |
| 5:05 | Create | Villager (Male) |
| 5:35 | Create | Villager (Male) |
| 5:36 | Create | Villager (Male) |
| 5:53 | Research | Double-Bit Axe |
| 6:35 | Create | Villager (Male) |
| 6:46 | Build | Mining Camp |
| 7:08 | Build | Palisade Gate |
| 7:09 | Build | House |
| 7:09 | Create | Villager (Male) |
| 7:29 | Research | Wheelbarrow |
| 8:12 | Build | Farm |
| 8:24 | Build | Farm |
| 8:52 | Research | Loom |
| 9:07 | Research | Horse Collar |
| 9:10 | Research | Feudal Age |
| 9:10 | Research | Feudal Age |
| 9:31 | Create | Villager (Male) |
| 9:40 | Create | Villager (Male) |
| 10:12 | Create | Villager (Male) |
| 10:22 | Build | Barracks |
| 11:27 | Age | Feudal Age |
| 11:29 | Create | Flemish Militia |
| 11:29 | Create | Flemish Militia |
| 11:31 | Create | Villager (Male) |
| 11:37 | Create | Spearman |
| 11:45 | Create | Villager (Male) |
| 11:50 | Build | Farm |
| 11:52 | Build | Farm |
| 11:55 | Build | Farm |
| 11:56 | Build | Farm |
| 11:59 | Create | Villager (Male) |
| 12:16 | Create | Villager (Male) |
| 12:18 | Build | Farm |
| 12:24 | Create | Villager (Male) |
| 12:36 | Build | House |
| 12:43 | Create | Villager (Male) |
| 12:48 | Build | Farm |
| 12:48 | Create | Villager (Male) |
| 13:22 | Build | Mining Camp |
| 14:12 | Build | Farm |
| 14:29 | Create | Villager (Male) |
| 14:31 | Build | Farm |
| 14:42 | Build | Market |
| 14:49 | Create | Villager (Male) |
| 14:59 | Build | Blacksmith |
| 15:14 | Create | Villager (Male) |
| 15:26 | Research | Bow Saw |
| 15:36 | Research | Castle Age |
| 15:37 | Research | Castle Age |
| 16:01 | Create | Villager (Male) |
| 16:11 | Build | House |
| 16:29 | Build | Barracks |
| 16:41 | Create | Flemish Militia |
| 16:42 | Create | Flemish Militia |
| 17:18 | Create | Spearman |
| 17:22 | Research | Scale Mail Armor |
| 17:40 | Create | Flemish Militia |
| 17:40 | Create | Flemish Militia |
| 17:52 | Build | House |
| 17:53 | Build | House |
| 17:54 | Build | House |
| 17:57 | Create | Flemish Militia |
| 18:00 | Create | Flemish Militia |
| 18:06 | Create | Villager (Male) |
| 18:19 | Age | Castle Age |
| 18:25 | Create | Flemish Militia |
| 18:27 | Create | Flemish Militia |
| 18:33 | Build | Siege Workshop |
| 18:35 | Create | Villager (Male) |
| 18:50 | Create | Villager (Male) |
| 18:55 | Research | Squires |
| 18:56 | Create | Flemish Militia ×2 |
| 19:09 | Create | Battering Ram |
| 19:09 | Create | Battering Ram |
| 19:17 | Build | House |
| 19:41 | Create | Battering Ram |
| 19:43 | Create | Flemish Militia |
| 19:46 | Create | Spearman ×3 |
| 20:03 | Build | House |
| 20:04 | Create | Villager (Male) |
| 20:05 | Create | Villager (Male) |
| 20:26 | Create | Villager (Male) |
| 20:28 | Create | Scorpion |
| 20:41 | Build | House |
| 20:43 | Create | Villager (Male) |
| 20:52 | Create | Villager (Male) |
| 21:01 | Build | Castle |
| 21:04 | Create | Villager (Male) |
| 21:12 | Build | Lumber Camp |
| 21:22 | Create | Villager (Male) |
| 21:55 | Research | Chain Mail Armor |
| 21:55 | Create | Villager (Male) |
| 22:03 | Create | Flemish Militia ×2 |
| 22:51 | Create | Villager (Male) |
| 22:52 | Create | Coustillier |
| 22:53 | Create | Coustillier |
| 23:21 | Research | Forging |
| 23:21 | Research | Forging |
| 23:21 | Create | Villager (Male) |
| 23:23 | Create | Coustillier |
| 23:23 | Create | Coustillier |
| 23:58 | Create | Villager (Male) |
| 23:59 | Create | Villager (Male) |
| 24:03 | Build | Town Center |
| 24:05 | Build | Town Center |
| 24:27 | Create | Villager (Male) |
| 24:28 | Create | Villager (Male) |
| 24:29 | Create | Villager (Male) |
| 24:39 | Build | Farm |
| 24:39 | Build | Farm |
| 24:40 | Build | Farm |
| 24:40 | Build | Farm |
| 24:40 | Build | Farm |
| 24:49 | Build | Town Center |
| 24:50 | Create | Villager (Male) |
| 24:54 | Create | Villager (Male) |
| 25:08 | Build | Lumber Camp |
| 25:09 | Create | Villager (Male) |
| 25:19 | Create | Flemish Militia |
| 25:24 | Create | Villager (Male) |
| 25:24 | Create | Villager (Male) |
| 25:32 | Build | Farm |
| 25:32 | Build | Farm |
| 25:32 | Build | Farm |
| 25:33 | Build | Farm |
| 25:33 | Build | Farm |
| 25:33 | Build | Farm |
Build order — Maikel´s
First 150 of 243 actions detected
| 0:01 | Create | Villager (Male) |
| 0:01 | Create | Villager (Male) |
| 0:06 | Create | Villager (Male) |
| 0:07 | Create | Villager (Male) |
| 1:18 | Create | Villager (Male) |
| 1:57 | Build | Lumber Camp |
| 1:58 | Create | Villager (Male) |
| 2:43 | Create | Villager (Male) |
| 2:44 | Create | Villager (Male) |
| 2:56 | Create | Villager (Male) |
| 2:56 | Create | Villager (Male) |
| 3:37 | Create | Villager (Male) |
| 3:41 | Create | Villager (Male) |
| 4:24 | Create | Villager (Male) |
| 4:34 | Create | Villager (Male) |
| 4:56 | Create | Villager (Male) |
| 5:17 | Build | Mill |
| 6:13 | Create | Villager (Male) |
| 6:35 | Create | Villager (Male) |
| 6:36 | Create | Villager (Male) |
| 7:29 | Create | Villager (Male) |
| 7:37 | Create | Villager (Male) |
| 7:38 | Create | Villager (Male) |
| 7:59 | Build | Mining Camp |
| 8:06 | Create | Villager (Male) |
| 8:37 | Research | Feudal Age |
| 9:24 | Build | Barracks |
| 9:43 | Create | Villager (Male) |
| 9:50 | Create | Villager (Male) |
| 10:26 | Build | Palisade Wall |
| 10:29 | Create | Villager (Male) |
| 10:36 | Build | Palisade Wall |
| 10:48 | Build | Palisade Gate |
| 10:56 | Create | Villager (Male) |
| 11:17 | Create | Villager (Male) |
| 11:19 | Age | Feudal Age |
| 11:32 | Build | Market |
| 12:08 | Build | Blacksmith |
| 12:55 | Create | Villager (Male) |
| 13:00 | Research | Double-Bit Axe |
| 13:13 | Research | Castle Age |
| 13:21 | Build | Archery Range |
| 14:07 | Build | Archery Range |
| 14:13 | Build | Farm |
| 14:30 | Research | Gold Mining |
| 14:45 | Create | Villager (Male) |
| 15:02 | Build | Lumber Camp |
| 15:10 | Build | Farm |
| 15:13 | Build | Farm |
| 15:53 | Create | Villager (Male) |
| 15:53 | Create | Villager (Male) |
| 15:55 | Research | Fletching |
| 16:00 | Age | Castle Age |
| 16:01 | Create | Cavalry Archer |
| 16:01 | Create | Cavalry Archer |
| 16:02 | Create | Cavalry Archer |
| 16:03 | Create | Cavalry Archer |
| 16:05 | Create | Cavalry Archer |
| 16:33 | Create | Cavalry Archer |
| 16:33 | Create | Cavalry Archer |
| 16:35 | Create | Villager (Male) |
| 16:39 | Build | Farm |
| 16:49 | Build | Stable |
| 16:53 | Create | Cavalry Archer |
| 17:12 | Build | University |
| 17:14 | Create | Villager (Male) |
| 17:18 | Build | Farm |
| 17:21 | Build | Farm |
| 17:30 | Create | Cavalry Archer |
| 17:44 | Create | Cavalry Archer |
| 17:49 | Create | Villager (Male) |
| 18:02 | Build | Farm |
| 18:03 | Create | Cavalry Archer |
| 18:03 | Create | Cavalry Archer |
| 18:15 | Build | Farm |
| 18:28 | Create | Villager (Male) |
| 18:33 | Build | Farm |
| 18:38 | Create | Cavalry Archer |
| 18:38 | Create | Cavalry Archer |
| 18:56 | Research | Ballistics |
| 19:00 | Create | Villager (Male) |
| 19:04 | Build | Farm |
| 19:26 | Create | Villager (Male) |
| 19:28 | Create | Cavalry Archer |
| 19:29 | Create | Cavalry Archer |
| 19:36 | Create | Villager (Male) |
| 19:46 | Build | Stable |
| 19:49 | Create | Cavalry Archer |
| 19:50 | Create | Villager (Male) |
| 20:10 | Build | Farm |
| 20:13 | Build | Farm |
| 20:28 | Create | Cavalry Archer |
| 20:28 | Create | Cavalry Archer |
| 20:29 | Create | Villager (Male) |
| 20:48 | Research | Bodkin Arrow |
| 21:05 | Create | Cavalry Archer |
| 21:07 | Create | Cavalry Archer |
| 21:07 | Create | Cavalry Archer |
| 21:10 | Create | Villager (Male) |
| 21:14 | Build | Farm |
| 21:19 | Build | Farm |
| 21:19 | Build | Farm |
| 21:23 | Create | Cavalry Archer |
| 21:25 | Create | Villager (Male) |
| 22:00 | Create | Cavalry Archer |
| 22:01 | Create | Cavalry Archer |
| 22:16 | Create | Cavalry Archer |
| 22:16 | Create | Cavalry Archer |
| 22:29 | Create | Cavalry Archer |
| 22:30 | Create | Cavalry Archer |
| 22:30 | Create | Villager (Male) |
| 22:41 | Create | Villager (Male) |
| 22:44 | Build | Farm |
| 22:44 | Build | Farm |
| 22:55 | Build | Stone Wall |
| 23:18 | Create | Cavalry Archer |
| 23:19 | Create | Cavalry Archer |
| 23:19 | Create | Villager (Male) |
| 23:23 | Build | Town Center |
| 23:35 | Research | Bloodlines |
| 23:35 | Research | Husbandry |
| 24:26 | Create | Cavalry Archer |
| 24:26 | Create | Cavalry Archer |
| 24:27 | Create | Villager (Male) |
| 24:32 | Research | Padded Archer Armor |
| 24:48 | Build | Stone Wall |
| 24:48 | Build | Stone Wall |
| 24:53 | Research | Loom |
| 25:18 | Create | Cavalry Archer |
| 25:18 | Create | Cavalry Archer |
| 25:19 | Research | Thumb Ring |
| 25:20 | Create | Villager (Male) |
| 25:35 | Create | Cavalry Archer |
| 25:36 | Create | Villager (Male) |
| 25:39 | Build | Farm |
| 25:39 | Build | Farm |
| 25:41 | Create | Villager (Male) |
| 26:15 | Create | Villager (Male) |
| 26:15 | Create | Villager (Male) |
| 26:25 | Build | Monastery |
| 26:40 | Create | Villager (Male) |
| 26:40 | Create | Villager (Male) |
| 26:47 | Build | Farm |
| 26:49 | Build | Farm |
| 26:50 | Create | Cavalry Archer |
| 27:16 | Create | Cavalry Archer |
| 27:16 | Create | Cavalry Archer |
| 27:16 | Create | Villager (Male) |
| 27:23 | Build | Farm |
| 27:25 | Create | Cavalry Archer |
Build order — neo_399
First 150 of 233 actions detected
| 0:01 | Create | Villager (Male) |
| 0:01 | Create | Villager (Male) |
| 0:01 | Create | Villager (Male) |
| 0:02 | Build | House |
| 0:04 | Build | House |
| 0:18 | Create | Villager (Male) |
| 1:30 | Create | Villager (Male) |
| 1:48 | Build | Lumber Camp |
| 1:59 | Create | Villager (Male) |
| 2:22 | Create | Villager (Male) |
| 2:22 | Create | Villager (Male) |
| 2:53 | Create | Villager (Male) |
| 3:19 | Create | Villager (Male) |
| 3:33 | Build | House |
| 3:39 | Create | Villager (Male) |
| 4:08 | Create | Villager (Male) |
| 4:08 | Create | Villager (Male) |
| 4:24 | Build | House |
| 4:34 | Create | Villager (Male) |
| 4:44 | Create | Villager (Male) |
| 4:54 | Build | Mill |
| 5:03 | Build | Palisade Wall |
| 5:19 | Create | Villager (Male) |
| 6:10 | Create | Villager (Male) |
| 6:22 | Create | Villager (Male) |
| 6:26 | Build | Palisade Wall |
| 6:27 | Build | Palisade Wall |
| 7:08 | Create | Villager (Male) |
| 7:10 | Create | Villager (Male) |
| 7:34 | Build | Barracks |
| 7:42 | Create | Villager (Male) |
| 8:10 | Create | Villager (Male) |
| 8:39 | Build | Mining Camp |
| 8:42 | Create | Villager (Male) |
| 8:49 | Create | Villager (Male) |
| 8:50 | Create | Villager (Male) |
| 8:54 | Build | House |
| 8:59 | Research | Feudal Age |
| 9:21 | Build | Palisade Gate |
| 9:31 | Build | Farm |
| 9:54 | Create | Villager (Male) |
| 9:56 | Build | Farm |
| 10:28 | Build | Farm |
| 11:09 | Age | Feudal Age |
| 11:15 | Create | Villager (Male) |
| 11:20 | Build | Stable |
| 11:44 | Build | Market |
| 11:54 | Build | House |
| 11:58 | Create | Villager (Male) |
| 12:02 | Build | Farm |
| 12:07 | Build | Farm |
| 12:12 | Create | Villager (Male) |
| 12:24 | Build | Farm |
| 12:26 | Build | Farm |
| 12:47 | Build | Farm |
| 12:57 | Build | Farm |
| 12:58 | Create | Villager (Male) |
| 13:12 | Create | Villager (Male) |
| 13:32 | Create | Spearman |
| 13:39 | Build | Palisade Gate |
| 13:44 | Build | Palisade Wall |
| 13:46 | Create | Villager (Male) |
| 13:47 | Build | Farm |
| 13:58 | Create | Villager (Male) |
| 14:00 | Build | Lumber Camp |
| 14:02 | Build | Farm |
| 14:13 | Create | Spearman |
| 14:36 | Research | Castle Age |
| 14:49 | Build | Palisade Gate |
| 14:58 | Research | Double-Bit Axe |
| 15:14 | Build | House |
| 15:17 | Build | House |
| 15:22 | Research | Horse Collar |
| 16:14 | Research | Wheelbarrow |
| 17:04 | Create | Villager (Male) |
| 17:18 | Age | Castle Age |
| 17:21 | Build | Town Center |
| 17:30 | Research | Bow Saw |
| 17:43 | Research | Heavy Plow |
| 17:47 | Create | Villager (Male) |
| 18:24 | Create | Villager (Male) |
| 18:30 | Research | Stone Mining |
| 18:42 | Create | Villager (Male) |
| 18:45 | Create | Villager (Male) |
| 19:09 | Create | Villager (Male) |
| 19:27 | Research | Stone Shaft Mining |
| 19:35 | Create | Villager (Male) |
| 19:38 | Create | Villager (Male) |
| 20:15 | Build | Gate |
| 20:17 | Create | Villager (Male) |
| 20:19 | Create | Villager (Male) |
| 20:34 | Create | Villager (Male) |
| 20:44 | Create | Villager (Male) |
| 20:46 | Create | Villager (Male) |
| 21:17 | Build | Blacksmith |
| 21:21 | Create | Villager (Male) |
| 21:23 | Create | Villager (Male) |
| 21:23 | Create | Villager (Male) |
| 21:24 | Create | Villager (Male) |
| 21:34 | Research | Bloodlines |
| 21:59 | Build | Gate |
| 22:05 | Build | Stone Wall |
| 22:11 | Create | Villager (Male) |
| 22:16 | Research | Fletching |
| 22:19 | Build | Farm |
| 22:20 | Create | Villager (Male) |
| 22:31 | Build | Castle |
| 22:34 | Create | Villager (Male) |
| 22:40 | Build | House |
| 22:44 | Research | Padded Archer Armor |
| 23:06 | Build | University |
| 23:11 | Build | House |
| 23:13 | Build | House |
| 23:15 | Create | Villager (Male) |
| 23:15 | Create | Villager (Male) |
| 23:44 | Research | Bodkin Arrow |
| 23:45 | Create | Mangudai |
| 23:45 | Create | Mangudai |
| 23:46 | Create | Mangudai |
| 23:46 | Create | Mangudai |
| 23:58 | Build | Farm |
| 24:00 | Build | Farm |
| 24:03 | Build | Farm |
| 24:03 | Create | Villager (Male) |
| 24:14 | Create | Villager (Male) |
| 24:17 | Research | Ballistics |
| 24:20 | Create | Mangudai |
| 24:25 | Build | House |
| 24:26 | Build | House |
| 24:30 | Research | Loom |
| 25:00 | Create | Mangudai |
| 25:00 | Create | Mangudai |
| 25:31 | Create | Mangudai |
| 25:31 | Create | Mangudai |
| 25:52 | Research | Leather Archer Armor |
| 25:55 | Research | Husbandry |
| 25:59 | Build | Lumber Camp |
| 26:04 | Build | Farm |
| 26:05 | Create | Villager (Male) |
| 26:06 | Create | Villager (Male) |
| 26:06 | Create | Villager (Male) |
| 26:34 | Create | Villager (Male) |
| 26:35 | Create | Villager (Male) |
| 26:42 | Research | Murder Holes |
| 27:12 | Create | Mangudai |
| 27:12 | Create | Mangudai |
| 27:27 | Build | Farm |
| 27:28 | Create | Villager (Male) |
| 28:15 | Create | Mangudai |
| 28:16 | Create | Mangudai |
Build order — jj
First 150 of 359 actions detected
| 0:01 | Create | Villager (Male) |
| 0:01 | Create | Villager (Male) |
| 0:02 | Create | Villager (Male) |
| 0:02 | Create | Villager (Male) |
| 0:03 | Build | House |
| 0:05 | Build | House |
| 0:38 | Build | Mill |
| 1:33 | Create | Villager (Male) |
| 2:09 | Create | Villager (Male) |
| 2:13 | Create | Villager (Male) |
| 2:45 | Create | Villager (Male) |
| 3:17 | Create | Villager (Male) |
| 3:38 | Create | Villager (Male) |
| 3:40 | Create | Villager (Male) |
| 3:40 | Create | Villager (Male) |
| 3:45 | Build | Lumber Camp |
| 4:02 | Build | House |
| 4:06 | Create | Villager (Male) |
| 4:07 | Create | Villager (Male) |
| 4:18 | Create | Villager (Male) |
| 4:19 | Create | Villager (Male) |
| 4:46 | Build | House |
| 4:47 | Build | Palisade Wall |
| 4:47 | Build | Palisade Wall |
| 4:51 | Build | Palisade Wall |
| 4:56 | Create | Villager (Male) |
| 5:06 | Create | Villager (Male) |
| 5:06 | Create | Villager (Male) |
| 5:16 | Build | Palisade Wall |
| 5:23 | Create | Villager (Male) |
| 5:40 | Create | Villager (Male) |
| 5:41 | Create | Villager (Male) |
| 6:10 | Research | Loom |
| 6:24 | Build | Palisade Wall |
| 6:51 | Build | Palisade Gate |
| 7:02 | Research | Feudal Age |
| 8:00 | Build | Barracks |
| 8:16 | Create | Villager (Male) |
| 8:22 | Create | Villager (Male) |
| 8:38 | Build | House |
| 9:19 | Age | Feudal Age |
| 9:21 | Create | Villager (Male) |
| 9:24 | Build | Stable |
| 9:27 | Research | Double-Bit Axe |
| 9:28 | Create | Villager (Male) |
| 9:54 | Create | Villager (Male) |
| 9:57 | Research | Horse Collar |
| 9:57 | Research | Horse Collar |
| 9:58 | Create | Villager (Male) |
| 10:08 | Create | Scout Cavalry |
| 10:09 | Create | Scout Cavalry |
| 10:11 | Build | House |
| 10:23 | Build | Farm |
| 10:34 | Create | Scout Cavalry |
| 10:38 | Build | Farm |
| 10:47 | Build | House |
| 10:49 | Build | House |
| 10:51 | Create | Scout Cavalry |
| 11:02 | Build | Farm |
| 11:10 | Create | Villager (Male) |
| 11:12 | Build | Farm |
| 11:23 | Create | Scout Cavalry |
| 11:24 | Create | Scout Cavalry |
| 11:36 | Build | Farm |
| 11:55 | Create | Villager (Male) |
| 11:55 | Create | Villager (Male) |
| 11:58 | Build | Farm |
| 12:00 | Build | Farm |
| 12:11 | Create | Villager (Male) |
| 12:14 | Create | Villager (Male) |
| 12:17 | Build | Farm |
| 12:19 | Build | Farm |
| 12:36 | Create | Villager (Male) |
| 12:39 | Build | Farm |
| 12:45 | Build | Farm |
| 12:59 | Build | Farm |
| 13:04 | Build | Farm |
| 13:13 | Create | Villager (Male) |
| 13:28 | Create | Villager (Male) |
| 13:40 | Build | Mining Camp |
| 13:45 | Create | Villager (Male) |
| 14:12 | Create | Villager (Male) |
| 14:19 | Build | Blacksmith |
| 14:33 | Build | Farm |
| 14:34 | Build | Farm |
| 14:52 | Create | Villager (Male) |
| 14:57 | Build | Farm |
| 14:58 | Build | Farm |
| 14:59 | Build | Farm |
| 15:20 | Create | Villager (Male) |
| 15:39 | Build | Farm |
| 15:47 | Create | Villager (Male) |
| 16:16 | Build | Farm |
| 16:17 | Build | Farm |
| 16:26 | Research | Castle Age |
| 16:26 | Research | Castle Age |
| 16:35 | Research | Gold Mining |
| 17:02 | Create | Villager (Male) |
| 17:29 | Build | Stable |
| 18:04 | Research | Scale Barding Armor |
| 18:06 | Research | Bloodlines |
| 18:37 | Create | Villager (Male) |
| 18:47 | Create | Villager (Male) |
| 19:03 | Create | Villager (Male) |
| 19:10 | Age | Castle Age |
| 19:12 | Create | Camel Scout |
| 19:13 | Create | Shrivamsha Rider |
| 19:13 | Create | Shrivamsha Rider |
| 19:13 | Create | Shrivamsha Rider |
| 19:14 | Create | Shrivamsha Rider |
| 19:24 | Create | Villager (Male) |
| 19:26 | Research | Chain Barding Armor |
| 19:26 | Research | Chain Barding Armor |
| 19:40 | Build | House |
| 19:41 | Build | House |
| 19:42 | Build | House |
| 19:48 | Build | Town Center |
| 20:03 | Research | Bow Saw |
| 20:04 | Create | Villager (Male) |
| 20:05 | Create | Villager (Male) |
| 20:18 | Create | Shrivamsha Rider |
| 20:19 | Create | Shrivamsha Rider |
| 20:30 | Create | Shrivamsha Rider |
| 20:48 | Create | Villager (Male) |
| 20:48 | Create | Villager (Male) |
| 21:01 | Create | Villager (Male) |
| 21:06 | Create | Shrivamsha Rider |
| 21:07 | Create | Shrivamsha Rider |
| 21:07 | Create | Shrivamsha Rider |
| 21:08 | Create | Villager (Male) |
| 21:08 | Create | Villager (Male) |
| 21:22 | Build | Lumber Camp |
| 21:41 | Create | Shrivamsha Rider |
| 21:50 | Create | Villager (Male) |
| 21:50 | Create | Villager (Male) |
| 21:58 | Create | Villager (Male) |
| 22:07 | Create | Villager (Male) |
| 22:23 | Build | Stone Wall |
| 22:26 | Build | House |
| 22:52 | Build | House |
| 22:57 | Create | Shrivamsha Rider |
| 22:57 | Create | Shrivamsha Rider |
| 22:57 | Create | Shrivamsha Rider |
| 23:25 | Create | Villager (Male) |
| 23:26 | Create | Villager (Male) |
| 23:31 | Create | Villager (Male) |
| 23:49 | Create | Villager (Male) |
| 23:52 | Build | Town Center |
| 23:57 | Build | House |
| 23:58 | Build | House |
Match timeline
| 4:47 | jj · wall_segment Palisade Wall x1 |
| 4:47 | jj · wall_segment Palisade Wall x1 |
| 4:51 | jj · wall_segment Palisade Wall x11 |
| 5:03 | neo_399 · wall_segment Palisade Wall x12 |
| 5:16 | jj · wall_segment Palisade Wall x10 |
| 6:24 | jj · wall_segment Palisade Wall x1 |
| 6:26 | neo_399 · wall_segment Palisade Wall x1 |
| 6:27 | neo_399 · wall_segment Palisade Wall x1 |
| 7:34 | neo_399 · first_building Barracks |
| 8:00 | jj · first_building Barracks |
| 9:19 | jj · age_up feudal |
| 9:24 | Maikel´s · first_building Barracks |
| 9:24 | jj · first_building Stable |
| 10:22 | Consort Radahn · first_building Barracks |
| 10:26 | Maikel´s · wall_segment Palisade Wall x14 |
| 10:36 | Maikel´s · wall_segment Palisade Wall x1 |
| 11:09 | neo_399 · age_up feudal |
| 11:19 | Maikel´s · age_up feudal |
| 11:20 | neo_399 · first_building Stable |
| 11:27 | Consort Radahn · age_up feudal |
| 13:21 | Maikel´s · first_building Archery Range |
| 13:44 | neo_399 · wall_segment Palisade Wall x3 |
| 16:00 | Maikel´s · age_up castle |
| 16:49 | Maikel´s · first_building Stable |
| 17:18 | neo_399 · age_up castle |
| 18:19 | Consort Radahn · age_up castle |
| 18:33 | Consort Radahn · first_building Siege Workshop |
| 19:06 | Consort Radahn · first_market_sell 100 food |
| 19:10 | jj · age_up castle |
| 20:57 | Consort Radahn · first_market_buy 100 stone |
| 21:01 | Consort Radahn · first_building Castle |
| 22:05 | neo_399 · wall_segment Stone Wall x4 |
| 22:23 | jj · wall_segment Stone Wall x3 |
| 22:24 | neo_399 · first_market_buy 100 stone |
| 22:31 | neo_399 · first_building Castle |
| 22:55 | Maikel´s · wall_segment Stone Wall x20 |
| 23:40 | neo_399 · first_market_sell 100 wood |
| 24:48 | Maikel´s · wall_segment Stone Wall x1 |
| 24:48 | Maikel´s · wall_segment Stone Wall x1 |
| 26:01 | jj · first_building Monastery |
| 26:17 | Consort Radahn · first_building Monastery |
| 26:25 | Maikel´s · first_building Monastery |
| 26:36 | Maikel´s · first_market_sell 100 wood |
| 28:22 | neo_399 · first_building Monastery |
| 29:45 | jj · first_building Castle |
| 29:46 | Maikel´s · first_market_buy 100 food |
| 31:07 | Maikel´s · wall_segment Stone Wall x9 |
| 31:12 | Maikel´s · wall_segment Stone Wall x11 |
| 31:15 | Maikel´s · wall_segment Stone Wall x25 |
| 31:18 | Consort Radahn · first_building Stable |
| 32:44 | jj · age_up imperial |
| 32:48 | Maikel´s · wall_segment Stone Wall x4 |
| 32:59 | neo_399 · age_up imperial |
| 33:09 | Maikel´s · age_up imperial |
| 33:58 | Consort Radahn · age_up imperial |
| 35:40 | neo_399 · first_building Archery Range |
| 36:08 | jj · first_market_sell 100 food |
| 36:49 | Maikel´s · wall_segment Stone Wall x4 |
| 36:56 | Consort Radahn · wall_segment Stone Wall x2 |
| 37:48 | Maikel´s · wall_segment Stone Wall x11 |
| 38:18 | jj · first_market_buy 100 stone |
| 38:50 | Consort Radahn · resign |
[ AI ANALYSIS · 1 CREDIT ]
What really happened in this match?
Wolo.gg analyzes every decision: build order, eco, micro, common mistakes by bracket. Personalized analysis on WhatsApp or Discord in 30 seconds.
Civ guide
Burgundians
Map guide
Glade
Perfil
Jugador #87613